 Dungeon Crawl Stone Soup version 0.31-a0-986-g5e6e4ef867 (webtiles) character file.

Game seed: 2462259681843940532

6913 CowFu the Grappler (level 10, 0/83 HPs)
             Began as a White Draconian Shapeshifter on Nov 17, 2023.
             Was an Elder of Makhleb.
             Slain by an orc warrior
             ... wielding a +0 war axe
              (7 damage)
             ... in a bailey.
             The game lasted 00:13:03 (10206 turns).

CowFu the Grappler (White Draconian Shapeshifter)  Turns: 10206, Time: 00:13:03

Health: 0/83       AC:  7    Str: 22    XL:     10   Next: 79%
Magic:  14/14      EV: 13    Int: 16    God:    Makhleb [****..]
Gold:   596        SH:  0    Dex: 10    Spells: 9/9 levels left

rFire   + .          .
                       - Unarmed
rCold   + . .        (no shield)
rNeg    . . .        (body armour unavailable)
rPois   .            (helmet currently unavailable)
rElec   .            (cloak currently unavailable)
rCorr   .            (gloves currently unavailable)
SInv    .            (boots currently unavailable)
Will    +....        (no amulet)
Stlth   +            w - +6 ring of intelligence
HPRegen 0.33/turn    B - ring of protection from fire
MPRegen 0.14/turn

%: no passive effects
@: beast-form, enlightened, flying
A: beast (slay +4), breathe frost, AC +7, unfitting armour, cold resistance 1,
cold-blooded
a: Breathe Frost, Begin Untransformation, Renounce Religion, Minor Destruction,
Lesser Servant of Makhleb, Major Destruction


You were in a bailey.
You worshipped Makhleb.
Makhleb was greatly pleased with you.
You were a hulking beast.
You visited 1 branch of the dungeon, and saw 9 of its levels.
You also visited: Sewer and Bailey.

You collected 596 gold pieces.

Inventory:

Hand Weapons
 b - the +6 mace "Muor" {spect, rElec rC++ Int-3 SInv}
   (You found it on level 6 of the Dungeon)

   Int-3:     It affects your intelligence (-3).
   rC++:      It greatly protects you from cold.
   rElec:     It insulates you from electricity.
   SInv:      It lets you see invisible.
Armour
 d - a +0 pair of boots
 C - a +0 pair of gloves
Jewellery
 w - a +6 ring of intelligence (left hand)
 B - a ring of protection from fire (right hand)
 F - a +6 ring of intelligence
Talismans
 x - a beast talisman
 E - a flux talisman
Wands
 c - a wand of quicksilver (5)
 k - a wand of paralysis (17)
 n - a wand of flame (11)
 v - a wand of mindburst (19)
 D - a wand of polymorph (7)
 G - a wand of roots (4)
Scrolls
 f - a scroll of amnesia
 g - 4 scrolls of teleportation
 j - 3 scrolls of blinking
 m - 2 scrolls of enchant weapon
Potions
 a - 4 potions of lignification
 h - a potion of mutation
 i - 2 potions of brilliance
 p - 2 potions of attraction
 q - a potion of haste
 r - 2 potions of invisibility
 s - 3 potions of resistance
 t - 3 potions of magic
 u - 4 potions of curing {unknown}
 A - a potion of degeneration {unknown}
 J - a potion of berserk rage {unknown}


   Skills:
 - Level 6.0 Fighting
 - Level 6.0 Dodging
 + Level 11.8 Unarmed Combat
 - Level 6.0 Invocations
 - Level 7.0 Shapeshifting


You had 9 spell levels left.
You didn't know any spells.
Your spell library contained the following spells:

 Spells                   Type           Power      Damage    Failure   Level
 Necrotise                Necr           0%         1d4       26%         1
 Ensorcelled Hibernation  Hex/Ice        0%         N/A       36%         2
 Jinxbite                 Hex            0%         N/A       36%         2
 Frozen Ramparts          Ice            0%         1d1       58%         3
 Tukima's Dance           Hex            0%         N/A       58%         3
 Vampiric Draining        Necr           0%         2d6       58%         3
 Anguish                  Hex/Necr       0%         N/A       94%         4
 Manifold Assault         Tloc           0%         N/A       94%         4
 Passage of Golubria      Tloc           0%         N/A       94%         4
 Petrify                  Tmut/Erth      0%         N/A       94%         4
 Agony                    Necr           0%         N/A       100%        5
 Metabolic Englaciation   Hex/Ice        0%         N/A       100%        5
 Yara's Violent Unravell  Hex/Tmut       0%         3d3       100%        5
 Conjure Ball Lightning   Conj/Air       0%         3x3d6     100%        6
 Dispersal                Tloc           0%         N/A       100%        6
 Discord                  Hex            0%         N/A       100%        8
 Disjunction              Tloc           0%         N/A       100%        8


Dungeon Overview and Level Annotations

Branches:
Dungeon (9/15)             Temple (0/1) D:6           Sewer (visited)
 Bailey (1/1)
   Lair: D:8-11         Orc: D:9-12

Altars:
Cheibriados
Elyvilon
Fedhas
Gozag
Hepliaklqana
Kikubaaqudgha
Makhleb
Qazlal
Sif Muna
Uskayaw
Vehumet
Xom

Shops:
D:5 (   D:7 [


Innate Abilities, Weirdness & Mutations

You are a hulking beast.
Your limbs bulge with bestial killing power. (Slay +4)
You can breathe waves of freezing cold which knock back foes.
Your icy white scales are hard. (AC +7)
You cannot fit into any form of body armour.
Your flesh is cold resistant. (rC+)
You are cold-blooded and may be slowed by cold attacks.


Message History

The orc warrior barely misses you.
The orc warrior hits you with a +0 war axe!
The kobold throws a boomerang.
The boomerang misses you. The kobold hits you but does no damage.
You punch the orc warrior!
The orc warrior is severely wounded.
The kobold throws a boomerang.
The boomerang hits you.
The orc warrior hits you with a +0 war axe! x2
The kobold throws a boomerang.
The boomerang hits you. The kobold misses you.
The hobgoblin attacks as it pursues you!
The hobgoblin hits you but does no damage.
The orc warrior hits you with a +0 war axe!
* * * LOW HITPOINT WARNING * * *
The orc warrior attacks as it pursues you!
The orc warrior hits you with a +0 war axe.
* * * LOW HITPOINT WARNING * * *
The orc warrior attacks as it pursues you!
The orc warrior hits you with a +0 war axe!
* * * LOW HITPOINT WARNING * * *
You feel much better.
The orc warrior hits you with a +0 war axe.
The orc warrior hits you with a +0 war axe!
* * * LOW HITPOINT WARNING * * *
The hobgoblin misses you.
The orc warrior hits you with a +0 war axe!
* * * LOW HITPOINT WARNING * * *
The kobold throws a boomerang.
The boomerang hits you but does no damage.
The orc warrior attacks as it pursues you!
The orc warrior closely misses you.
The kobold throws a boomerang.
The boomerang hits you.
* * * LOW HITPOINT WARNING * * *
The orc warrior attacks as it pursues you!
The orc warrior hits you with a +0 war axe.
* * * LOW HITPOINT WARNING * * *
You feel very buoyant.
You fly up into the air.
The kobold throws a boomerang.
The boomerang barely misses you.
The orc warrior hits you with a +0 war axe!
You die...

≈≈≈≈≈...KK#..####'#### .#.K≈
≈≈≈≈≈≈~≈≈K####.ogg...####≈≈≈
#....~≈≈≈≈≈≈K#KoKog..#K≈≈≈≈≈
#.......≈≈≈≈#########≈≈≈≈#
##.......≈≈≈≈≈≈≈≈≈≈≈≈≈≈#
###....Kg..≈≈≈≈≈≈≈≈≈#
####..Kgo........#
####.o....∩..## ###h......##
####..)..## ####...##
##...### ##.....##
##.......## #.........#
#....∩....# #.........#


You could see 4 orc warriors, a gnoll, an orc, 2 hobgoblins, 2 goblins and 5
kobolds.

Vanquished Creatures
  Pikel (D:5)
  Maurice (D:8)
  Jeremiah (D:6)
  Maggie (D:6)
  A hornet (D:9)
  Grinder (D:4)
  A wyvern (D:9)
  Eustachio (D:4)
  Grum (D:8)
  2 steam dragons
  3 water moccasins
  2 black bears
  2 ice beasts
  3 sky beasts
  2 orc warriors (D:6)
  2 ogres (D:5)
  4 wolves (D:8)
  4 centaurs
  3 phantoms
  2 kobold brigands
  2 bullfrogs (D:7)
  6 scorpions
  3 wights (D:8)
  6 killer bees (D:8)
  4 howler monkeys
  2 quasits (Sewer)
  4 jellies
  4 orc priests
  A hound (D:5)
  5 iguanas
  A sleepcap (D:7)
  12 orc wizards
  Robin (D:3)
  6 adders
  6 gnolls
  4 shadow imps (Sewer)
  A white imp (D:8)
  3 ufetubi
  A worm (D:2)
  30 orcs
  11 ball pythons
  7 endoplasms
  7 giant cockroaches
  28 goblins
  15 hobgoblins
  4 jackals
  32 kobolds
  3 quokkas
  4 bats
  3 frilled lizards
  11 rats
265 creatures vanquished.

Vanquished Creatures (others)
  A gnoll bouda (D:6)
  A sleepcap (D:6)
  A gnoll (D:6)
  An endoplasm (Sewer)
4 creatures vanquished.

Grand Total: 269 creatures vanquished

Notes
Turn   | Place    | Note
-------+----------+-------------------------------------------
     0 | D:1      | CowFu the Draconian Shapeshifter began the quest for the
                  | Orb.
     0 | D:1      | Reached XP level 1. HP: 16/16 MP: 1/1
   141 | D:1      | Reached XP level 2. HP: 23/23 MP: 2/2
   926 | D:2      | Reached XP level 3. HP: 27/29 MP: 3/3
  1565 | D:2      | Reached XP level 4. HP: 30/36 MP: 4/4
  1916 | D:3      | Noticed Robin
  1990 | D:3      | Found a faded altar of an unknown god.
  2207 | D:3      | Killed Robin
  2250 | D:3      | Reached XP level 5. HP: 38/42 MP: 5/5
  2562 | D:3      | Identified the +10 war axe "Ceydes" {flame, Fly rF+ rC+
                  | Str+3}
  2841 | D:4      | Found a glowing drain.
  2863 | Sewer    | Entered a sewer
  2969 | Sewer    | Found a burning altar of Makhleb.
  2999 | Sewer    | Reached skill level 4 in Unarmed Combat
  3215 | Sewer    | Became a worshipper of Makhleb the Destroyer
  3275 | Sewer    | Reached XP level 6. HP: 38/51 MP: 6/6
  3422 | D:4      | Noticed Eustachio
  3455 | D:4      | Killed Eustachio
  3528 | D:4      | Your scales start taking on an icy white colour.
  3528 | D:4      | Reached XP level 7. HP: 50/59 MP: 7/7
  3528 | D:4      | Gained mutation: Your flesh is cold resistant. (rC+) [White
                  | Draconian growth]
  3577 | D:4      | Reached skill level 5 in Unarmed Combat
  3744 | D:4      | Found a shimmering altar of Xom.
  3745 | D:4      | Found a hazy altar of Hepliaklqana.
  3745 | D:4      | Noticed a wyvern
  3746 | D:4      | Noticed a spectral ugly thing
  3746 | D:4      | Noticed a wyvern
  3769 | D:4      | Reached skill level 5 in Shapeshifting
  3934 | D:4      | Noticed Grinder
  3947 | D:4      | Paralysed by Grinder for 4 turns
  3965 | D:4      | Paralysed by Grinder for 3 turns
  3972 | D:4      | HP: 2/59 [Grinder/nerve-wracking pain (11)]
  3973 | D:4      | Killed Grinder
  4174 | D:4      | Found a stormy altar of Qazlal.
  4399 | D:4      | Reached * piety under Makhleb
  4406 | D:4      | Reached skill level 6 in Unarmed Combat
  4741 | D:5      | Entered Level 5 of the Dungeon
  4757 | D:5      | Found an opulent altar of Gozag.
  4763 | D:5      | Noticed Pikel
  4764 | D:5      | Reached XP level 8. HP: 66/66 MP: 8/8
  4782 | D:5      | Killed Pikel
  4783 | D:5      | Reached skill level 7 in Unarmed Combat
  5206 | D:5      | Reached skill level 8 in Unarmed Combat
  5259 | D:5      | Found Yniepp's Antique Weapon Emporium.
  5277 | D:5      | Reached XP level 9. HP: 60/71 MP: 9/9
  5558 | D:5      | Found a white marble altar of Elyvilon.
  5779 | D:6      | Identified the "Pafaiv"
  5853 | D:6      | Identified the +6 mace "Muor" {spect, rElec rC++ Int-3
                  | SInv}
  5855 | D:6      | Found a staircase to the Ecumenical Temple.
  5988 | D:6      | Reached skill level 9 in Unarmed Combat
  6005 | D:6      | Reached ** piety under Makhleb
  6062 | D:6      | Found a blossoming altar of Fedhas.
  6064 | D:6      | Noticed Maggie
  6081 | D:6      | Killed Maggie
  6286 | D:6      | Found a snail-covered altar of Cheibriados.
  6317 | D:6      | Reached skill level 10 in Unarmed Combat
  6476 | D:6      | Reached skill level 1 in Invocations
  6614 | D:6      | Noticed Jeremiah
  6674 | D:6      | Killed Jeremiah
  7161 | D:6      | Found a hide-covered altar of Uskayaw.
  7238 | D:6      | Found an ancient bone altar of Kikubaaqudgha.
  7274 | D:6      | Reached skill level 5 in Fighting
  7280 | D:6      | Found a radiant altar of Vehumet.
  7391 | D:6      | Found a shimmering blue altar of Sif Muna.
  7705 | D:6      | Reached skill level 5 in Dodging
  7912 | D:7      | Reached XP level 10. HP: 81/81 MP: 12/12
  8121 | D:7      | Found Mydorphi's Antique Armour Shop.
  8297 | D:7      | Reached *** piety under Makhleb
  8701 | D:8      | Noticed Grum
  8728 | D:8      | Killed Grum
  8758 | D:8      | Noticed Maurice
  8959 | D:8      | Something stole the +6 mace "Muor" {spect, rElec rC++ Int-3
                  | SInv}
  8960 | D:8      | Something stole a flux talisman
  8961 | D:8      | Something stole 273 gold
  8964 | D:8      | Something stole 228 gold
  8967 | D:8      | Killed Maurice
  8968 | D:8      | Reached skill level 11 in Unarmed Combat
  8968 | D:8      | Reached skill level 5 in Invocations
  9489 | D:8      | Found a burning altar of Makhleb.
  9953 | D:9      | Reached **** piety under Makhleb
  9973 | D:9      | Found a flagged portal.
 10045 | Bailey   | Entered a bailey
 10206 | Bailey   | Slain by an orc warrior

Illustrated notes

Levels and vault maps discovered:
D:1:      tarquinn_simple_flora_water_f, layout_loops_corners,
          grunt_decor_arrowhead
D:2:      cheibrodos_greedy_goblins, layout_basic,
          nicolae_houndstooth_variations
D:3:      layout_basic, hellmonk_ecumenical_altar_zigzags, chequers_garden,
          guppyfry_early_lair_pool, uniq_robin
D:4:      nicolae_BIG_FREAKIN_CUBE, layout_basic,
          regret_index_temple_of_mockery, mainiacjoe_overflow_chevrons,
          portal_sewer_entry_c, uniq_grinder, uniq_eustachio
D:5:      corexii_shack_village, layout_loops_corners, lemuel_tele_altar,
          mainiacjoe_overflow_small_starburst, serial_shops,
          nicolae_shop_waterfront, uniq_pikel
D:6:      layout_loops_ring, palyth_temple_overflow_mages, marbit_many_paths,
          mainiacjoe_overflow_large_starburst,
          minmay_temple_entry_statues_fountains,
          nicolae_concentric_dashed_squares_mild, uniq_maggie, uniq_jeremiah
D:7:      layout_rooms, serial_shops, nicolae_shop_trees, grunt_ministairs_6,
          st_stairs_2
D:8:      layout_basic, mainiacjoe_overflow_alcove_1, uniq_grum, uniq_maurice
D:9:      minmay_skewed_foursquare, layout_small_grid, enter_bailey_3,
          minivault_13
Bailey:   bailey_axe_4, bailey

Skill      XL: |  1  2  3  4  5  6  7  8  9 10 |
---------------+-------------------------------+-----
Dodging        | 2 3 4 5 6 |  6.0
Fighting       | 2 3 4 5 6 |  6.0
Unarmed Combat | 4 6 8 10 11 | 11.8
Shapeshifting  | 4 5 7 |  7.0
Invocations    | 3 6 |  6.0

Action                     |  1- 3 |  4- 6 |  7- 9 | 10-12 || total
---------------------------+-------+-------+-------+-------++-------
  Melee: Unarmed           |    86 |   230 |   288 |   210 ||   814
         Tailslap          |     8 |    17 |    46 |    24 ||    95
         Punch             |     3 |     3 |    10 |    10 ||    26
         Mace              |       |       |     5 |       ||     5
    Use: Scroll            |       |     5 |     6 |     7 ||    18
         Potion            |       |       |     1 |     4 ||     5
   Stab: Sleeping          |     4 |     2 |     1 |       ||     7
         Distracted        |       |     1 |       |       ||     1
 Armour: Skin              |    35 |   141 |   223 |   165 ||   564
  Dodge: Dodged            |    34 |   151 |   161 |   176 ||   522

Table legend: (Time is in decaauts)
 A = Elapsed time spent in this place.
 B = Non-inter-level travel time spent in this place.
 C = Inter-level travel time spent in this place.
 D = Time resting spent in this place.
 E = Time spent auto-exploring this place.
 F = Levels seen in this place.
 G = Mean time per level.
                   A        B        C        D        E       F      G
               +--------+--------+--------+--------+--------+-----+--------+
         Total |  10123 |   9840 |    283 |      0 |   8046 |  11 |  920.3 |
       Dungeon |   9415 |   9132 |    283 |      0 |   7625 |   9 | 1046.1 |
         Sewer |    549 |    549 |      0 |      0 |    333 |   1 |  549.0 |
        Bailey |    158 |    158 |      0 |      0 |     88 |   1 |  158.0 |
               +--------+--------+--------+--------+--------+-----+--------+

Top non-repeatable levels by time:
     D:6: 2100 daAuts
     D:4: 1368 daAuts
     D:8: 1128 daAuts
     D:5: 1027 daAuts
     D:2: 1011 daAuts
     D:1: 915 daAuts
     D:3: 877 daAuts
     D:7: 829 daAuts
   Sewer: 549 daAuts
  Bailey: 158 daAuts
     D:9: 156 daAuts
